← All builds
Suicide front / Cortex / Economy first / OBSERVED BUILD

Standard suicide front

Cortex Suicide front build order · Supreme Isthmus

The role's baseline economy-first play: fast Bot Lab, early Advanced Metal Extractor, and a Thug/Grunt/Aggravator mix pushed to hold the middle while teching up.

#raid #push · 1050 distinct matches · 184 players · 73% of Cortex Suicide front games · team won 57% of 1119 · Recently observed

HOW TO PLAY IT

Key timing: Bot Lab by 0:39

  1. Open 3 mex, then rush Bot Lab almost immediately.
  2. Finish Bot Lab and start pushing Thug, Grunt, Aggravator.
  3. Send units straight to middle to contest and stop leaks.
  4. Eat the Bot Lab for metal if 32% of games reach that point.
  5. Transition into Advanced Metal Extractor once middle is stable.

Phase by phase

TYPICAL OF ITS 1050 GAMES
  1. 1
  2. 2
  3. 3
PLAY THE OPENING

Follow the example game's first 6:00 step by step: what to build now, what comes next, and where it goes. At 1× it keeps pace with your own game.

  1. 1

    Up to the Bot Lab

    Economy
    • Metal Extractor2Mex
    Order
    1. Bot LabBot Lab after 2 mexdone ~0:37, middle half 0:27–0:45

    By 0:21 in all: 2 mex

    The example game in this phase · 3 steps
    1. Mex ×2
    2. Wind
    3. Bot LabBot Labdone 0:40 · typical 0:37
  2. 2

    Bot Lab to 5:00

    Economy
    • Metal Extractor3Mex
    • Wind Turbine2Wind
    Builders
    • Graverobber4 Graverobber
    • Construction Bot3 Con bot
    Army
    • Guard3 Guard
    • Thug16 Thug
    • Grunt3 Grunt
    Other
    • Radar Tower1 Radar Tower

    Some games also: aggravator (38%) · con turret (30%)

    By 5:00 in all: 5 mex · 3 wind

    The example game in this phase · 48 steps
    1. GraverobberGraverobber
    2. GruntGrunt ×3
    3. GraverobberGraverobber
    4. Construction BotCon bot ×3
    5. Mex
    6. ThugThug ×2
    7. Mex
    8. ThugThug
    9. Wind
    10. AggravatorAggravator
    11. Construction BotCon bot
    12. AggravatorAggravator
    13. GuardGuard
    14. Wind
    15. AggravatorAggravator
    16. GuardGuard
    17. AggravatorAggravator
    18. ThugThug
    19. GuardGuard
    20. Wind
    21. ThugThug
    22. GuardGuard
    23. ThugThug
    24. Wind
    25. GuardGuard
    26. Mex
    27. AggravatorAggravatorfor Front
    28. Wind
    29. AggravatorAggravator
    30. GuardGuard
    31. AggravatorAggravator
    32. GuardGuard
    33. AggravatorAggravator
    34. Wind
    35. GuardGuard
    36. AggravatorAggravatorfor Front
    37. AggravatorAggravator
    38. GuardGuard
    39. Wind
    40. AggravatorAggravator
    41. GuardGuard
    42. AggravatorAggravatorfor Front
    43. Wind
    44. AggravatorAggravator ×2
    45. GraverobberGraverobber
    46. GruntGrunt
    47. Wind
    48. GruntGrunt ×2
  3. 3

    5:00 to 10:00

    Economy
    • Metal Extractor1Mex
    • Wind Turbine12Wind
    Builders
    • Construction Turret1 Con turret
    • Graverobber3 Graverobber
    • Construction Bot1 Con bot
    Army
    • Guard1 Guard
    • Thug11 Thug
    • Grunt1 Grunt

    Some games also: aggravator (42%) · Radar Tower (39%) · energy storage (37%) · Twin Guard (31%)

    By 10:00 in all: 6 mex · 16 wind · 2 con turret

    The example game in this phase · 26 steps
    1. GruntGrunt ×4
    2. Wind
    3. GruntGrunt ×5
    4. Wind
    5. GruntGrunt ×4
    6. GuardGuard
    7. GruntGrunt
    8. Wind
    9. GruntGrunt ×5
    10. GuardGuard
    11. GruntGrunt ×6
    12. Wind
    13. GruntGrunt ×2
    14. GuardGuard
    15. GruntGrunt ×2
    16. Wind
    17. GruntGrunt ×3
    18. GuardGuard
    19. Wind
    20. GruntGrunt ×3
    21. Mex
    22. GruntGrunt ×4
    23. Mex
    24. GruntGrunt ×2
    25. GuardGuard
    26. GruntGrunt ×7

Counts are medians over the build's games: half of them build more, half fewer. The example game is AinzIsHere's (39 OS, 13/10/2026); pick another.

Team trades

IN AT LEAST 30% OF ITS GAMES

You hand over

Nothing regular.

You get

  • Tidal Generator4 Tidal from Pondfirst at 0:11 · in 69% of games
  • Advanced Construction Bot1 T2 con bot from Geo or Techfirst at 7:45 · in 55% of games

How it plays out

Typical game of this build, running totals by minute

Metal produced

010k20k
0:005:0010:0015:00

metal

Enemy metal destroyed

05k10k
0:005:0010:0015:00

metal

Own metal lost

05k10k
0:005:0010:0015:00

metal

1119 games.

Show as table
ByMetal produced: This buildEnemy metal destroyed: This buildOwn metal lost: This build
1:0033000
2:0094400
3:002036216172
4:003125732630
5:00427815401402
6:00546125052338
7:00663636153317
8:00782645594355
9:00894052905260
10:001020559976154
11:001156865526943
12:001314070167723
13:001475277528382
14:001638483308916
15:001778589619568
WHAT THE NUMBERS SAY

This baseline wins more often than most other roles' standard builds, with early aggression showing in high kills and losses alike.

  • + Team wins 54% of games, best winrate among the roles shown.
  • + First kill lands very early at 2:07 in all games.
  • − Own metal lost is heavy early, 1439 by 5:00.
  • − Enemy destroyed stays close to own losses through 15:00, a costly front.
THE EXAMPLE YOU ARE READING

AinzIsHere

39.3 OS · 13/10/2026

Open source match ↗

5 received units
523 metal received · 6315 energy received

Allied construction assistance is unknown. Timings are observations, not a promise of solo reproducibility.

Typical milestones

Bot Lab0:37Middle 50%: 0:27–0:45 · n=1113
Advanced Metal Extractor9:59Middle 50%: 8:59–11:14 · n=699

Played most by

XXMACGAMERXX135games of this build_Hawkey_70games of this build_X_61games of this buildrealisticjo52games of this buildAbyssFalcon46games of this build